 Dungeon Crawl Stone Soup version 0.19.1 (webtiles) character file.

67 Philogelos the Cudgeler (level 3, 0/46 HPs)
             Began as a Minotaur Fighter on Dec 5, 2016.
             Succumbed to Crazy Yiuf's poison
             ... on level 2 of the Dungeon.
             The game lasted 00:06:36 (848 turns).

Philogelos the Cudgeler (Minotaur Fighter)           Turns: 848, Time: 00:06:37

Health: 0/46       AC:  9    Str: 25    XL:     3   Next: 98%
Magic:  1/2        EV:  8    Int:  5    God:
Gold:   105        SH:  0    Dex: 10    Spells: 0 memorised, 2 levels left

rFire  . . .     SeeInvis .     a - +0 flail
rCold  . . .     Gourm    .     l - +0 chain mail
rNeg   . . .     Faith    .     (no shield)
rPois  .         Spirit   .     (helmet restricted)
rElec  .         Reflect  .     (no cloak)
rCorr  .         Harm     .     (no gloves)
MR     .....                    (no boots)
Stlth  ..........               p - amulet of rage
                                (no ring)
                                (no ring)

@: berserking, lethally poisoned (0 -> -11), very slightly contaminated, hasted,
drained, very quick
A: retaliatory headbutt, horns 2
a: Evoke Berserk Rage


You were on level 2 of the Dungeon.
You were hungry.

You visited 1 branch of the dungeon, and saw 2 of its levels.

You collected 105 gold pieces.

Inventory:

Hand Weapons
 a - a +0 flail (weapon)
Missiles
 q - 2 javelins (quivered)
Armour
 c - a +0 shield
 l - a +0 chain mail (worn)
Jewellery
 m - an uncursed amulet of magic regeneration
 p - an amulet of rage (around neck)
Scrolls
 e - 3 scrolls of identify {unknown}
 h - 2 scrolls of noise {unknown}
 k - a scroll of recharging {unknown}
 o - 2 scrolls of teleportation {unknown}
Potions
 d - a potion of might
 g - 3 potions of curing {unknown}
 i - a potion of heal wounds {unknown}
 j - a potion of magic {unknown}
 n - 2 potions of cure mutation {unknown}
Books
 b - a book of Cantrips

   Spells                             Type                      Level
   a - Confusing Touch                Hexes                        1
   b - Animate Skeleton               Necromancy                   1
   c - Summon Small Mammal            Summoning                    1
   d - Apportation                    Translocation                1
Comestibles
 f - 2 bread rations


   Skills:
 - Level 3.6(3.3) Fighting
 + Level 5.2(4.9) Maces & Flails
 - Level 3.6(3.3) Armour
 - Level 3.6(3.3) Shields


You had 2 spell levels left.
You didn't know any spells.

Dungeon Overview and Level Annotations

Branches:
Dungeon (2/15)

Altars:

Annotations:
D:2 Crazy Yiuf


Innate Abilities, Weirdness & Mutations

You reflexively headbutt those who attack you in melee.
You have a pair of horns on your head.


Message History

Crazy Yiuf is severely wounded.
Crazy Yiuf hits you with a quarterstaff of chaos.
* * * LOW HITPOINT WARNING * * *
You feel your power leaking away.
A red film seems to cover your vision as you go berserk!
You feel yourself moving faster!
You feel mighty!
You are feeling hungry.
Crazy Yiuf hits you with a quarterstaff of chaos.
* * * LOW HITPOINT WARNING * * *
You feel yourself speed up.
You are very lightly contaminated with residual magic.
You barely miss Crazy Yiuf.
Crazy Yiuf is severely wounded.
Crazy Yiuf says, "Gum cloud meccalolo!"
Crazy Yiuf hits you with a quarterstaff of chaos.
* * * LOW HITPOINT WARNING * * *
You are lethally poisoned!
You barely miss Crazy Yiuf. Your headbutt misses Crazy Yiuf.
Crazy Yiuf is severely wounded.
You die...

#.#..........#............#.#
#.##...##...###.............>
#[########### ##.............
#.....## ##..........†.
##.....## ###..........##
#.......# #.............#
#.......# ##.###.......#.#
#.......######.[#####.....†(#
##.....##..g@..##.....###....
##........#######.#######....
###.......#####..........##....
#.........####..###......##....
#..............####......#..###
#........#.......##..(...#.## #
#..........#####...........####
########.### ##.#............
##.######################


You could see Crazy Yiuf.

Vanquished Creatures
  Jessica (D:2)
  An adder (D:2)
  A worm (D:2)
  A leopard gecko (D:2)
  A ball python (D:2)
  3 bats
  5 hobgoblins (D:1)
  7 jackals (D:1)
  4 kobolds
  3 rats (D:1)
27 creatures vanquished.

Notes
Turn   | Place    | Note
-------+----------+-------------------------------------------
     0 | D:1      | Philogelos the Minotaur Fighter began the quest for the Orb.
     0 | D:1      | Reached XP level 1. HP: 19/19 MP: 0/0
   228 | D:1      | Reached skill level 3 in Maces & Flails
   254 | D:1      | Reached XP level 2. HP: 26/26 MP: 1/1
   443 | D:1      | Reached skill level 4 in Maces & Flails
   521 | D:2      | Reached XP level 3. HP: 20/31 MP: 2/2
   646 | D:2      | Noticed Jessica
   649 | D:2      | Killed Jessica
   649 | D:2      | Reached skill level 5 in Maces & Flails
   759 | D:2      | Found a runed door.
   763 | D:2      | Noticed Crazy Yiuf
   847 | D:2      | HP: 1/46 [Crazy Yiuf/quarterstaff of chaos (5)]
   848 | D:2      | Succumbed to Crazy Yiuf's poison

Skill      XL: |  1  2  3 |
---------------+----------+-----
Maces & Flails | 3 4 5 |  5.2
Fighting       | |  3.6
Armour         | |  3.6
Shields        | |  3.6

Action                   || total
-------------------------++-------
Melee: Flail             ||    73
       Headbutt          ||     9
 Abil: Evoke Berserk Rag ||     1
Armor: Scale mail        ||    25
       Chain mail        ||     4
Dodge: Dodged            ||    17
Block: Shield            ||    35
